 Dungeon Crawl Stone Soup version 0.22-a0-848-ge9e22a0 (webtiles) character file.

93 Spazmo the Magician (level 4, -6/24 HPs)
             Began as a Deep Elf Fire Elementalist on July 26, 2018.
             Mangled by krl's ghost (9 damage)
             ... on level 3 of the Dungeon.
             The game lasted 00:07:09 (2256 turns).

Spazmo the Magician (Deep Elf Fire Elementalist)    Turns: 2256, Time: 00:07:09

Health: -6/24      AC:  3    Str:  3 (5)  XL:     4   Next: 37%
Magic:  12/12      EV: 13    Int: 19 (21) God:
Gold:   100        SH:  0    Dex: 13 (15) Spells: 5/11 levels left

rFire    + + .     SeeInvis .   f - +0 short sword
rCold    . . .     Gourm    .   (no shield)
rNeg     . . .     Faith    .   a - +1 robe
rPois    +         Spirit   .   (no helmet)
rElec    +         Reflect  .   (no cloak)
rCorr    +         Harm     .   (no gloves)
MR       .....                  (no boots)
Stlth    ++........             (no amulet)
HPRegen  0.08/turn              m - ring of fire
MPRegen  0.13/turn              (no ring)

@: resistant
A: no striking features
a: no special abilities


You were on level 3 of the Dungeon.
You were not hungry.

You visited 1 branch of the dungeon, and saw 3 of its levels.

You collected 100 gold pieces.

Inventory:

Hand Weapons
 f - a +0 short sword (weapon)
Missiles
 e - 37 stones (quivered)
Armour
 a - a +1 robe (worn)
Jewellery
 m - a ring of fire (left hand)
Scrolls
 d - 2 scrolls of teleportation
 h - a scroll of enchant armour
Potions
 b - 2 potions of curing
 g - a potion of heal wounds
 j - a potion of degeneration
 o - a potion of might {unknown}
Comestibles
 c - 7 rations
 k - 2 chunks of flesh


   Skills:
 - Level 2.4 Dodging
 - Level 2.4 Stealth
 + Level 4.3 Spellcasting
 + Level 2.8 Conjurations
 + Level 4.2 Fire Magic


You had 5 spell levels left.
You knew the following spells:

 Your Spells              Type           Power        Failure   Level  Hunger
a - Flame Tongue          Conj/Fire      ####.        3%          1    None
b - Throw Flame           Conj/Fire      ####..       4%          2    #......
c - Conjure Flame         Conj/Fire      ####....     10%         3    ###....

Your spell library contained the following spells:

 Spells                   Type           Power        Failure   Level  Hunger
 Fireball                 Conj/Fire      ####......   65%         5    ######.
 Sticky Flame             Conj/Fire      ####....     30%         4    ####...
 Inner Flame              Hex/Fire       ###.....     17%         3    ###....


Dungeon Overview and Level Annotations

Branches:
Dungeon (3/15)

Altars:

Annotations:
D:3 krl's ghost, amateur MiBe


Message History

You feel blessed for a moment.
It was a scroll of remove curse.
Krl's ghost hits you.
Okay, then.
As you read the scroll labeled PEAPYLL HOLYST, it crumbles to dust.
It is a scroll of amnesia.
Okay, then.
Krl's ghost hits you.
Unknown command.
Unknown command.
Unknown command.
It was a potion of degeneration.
There was something very wrong with that liquid.
You feel weakened.
You feel dopey.
You feel clumsy. Krl's ghost hits you!
Ouch! That really hurt!
* * * LOW HITPOINT WARNING * * *
It was a potion of resistance.
You feel protected. Krl's ghost hits you!
You die...

#................####........#
#####''####.####'####..###.#.#
#≈...≈..##.#.......#.## #.#.#
##..#≈8.≈#.#.⌠...⌠.#.# ##.#.#
#...≈.#.###.......#.# #..#.#
#≈#.^!..##.'...⌠...+.# #.##.#
###.#^####.#.......#.###.##.#
##### #.#.⌠.W.⌠.#.......)#
##.#...@...#####.####
#..####'########.#
##.>.#...........#
########..##.#.#########
.......÷..##.#.#
#######......#.# ##.......#
##.###### #.#


You could see krl's ghost.

Vanquished Creatures
  3 gnolls (D:1)
  An ooze (D:1)
  2 worms (D:2)
  6 leopard geckos
  An orc (D:3)
  A ball python (D:1)
  5 bats
  3 giant cockroaches
  4 goblins
  3 hobgoblins
  6 jackals (D:2)
  3 frilled lizards
  5 kobolds (D:1)
  4 rats
47 creatures vanquished.

Notes
Turn   | Place    | Note
-------+----------+-------------------------------------------
     0 | D:1      | Spazmo the Deep Elf Fire Elementalist began the quest for the Orb.
     0 | D:1      | Reached XP level 1. HP: 10/10 MP: 6/6
   225 | D:1      | Reached XP level 2. HP: 8/15 MP: 5/8
   740 | D:1      | Reached XP level 3. HP: 19/19 MP: 7/10
   745 | D:1      | Learned a level 3 spell: Conjure Flame
   748 | D:1      | Learned a level 2 spell: Throw Flame
  1132 | D:2      | Reached XP level 4. HP: 24/24 MP: 7/12
  2184 | D:3      | Found a large runed door.
  2185 | D:3      | Found a large runed door.
  2188 | D:3      | Noticed krl's ghost (amateur MiBe)
  2256 | D:3      | Mangled by krl's ghost

Vault maps used:
D:1:      dpeg_arrival_boxorama
D:2:      first_ration, grunt_decor_one_mirror
D:3:      ebering_ghost_disaster_area, minmay_fountain_box

Skill      XL: |  1  2  3 |
---------------+----------+-----
Conjurations   | 2 |  2.8
Spellcasting   | 4 |  4.3
Fire Magic     | 4 |  4.2
Dodging        | |  2.4
Stealth        | |  2.4

Action                   |  1- 3 |  4- 6 || total
-------------------------+-------+-------++-------
 Cast: Flame Tongue      |    62 |    28 ||    90
       Throw Flame       |     1 |     2 ||     3
  Use: Scroll            |     3 |     3 ||     6
       Potion            |     1 |     2 ||     3
  Eat: Chunk             |     1 |     3 ||     4
Armor: Robe              |     4 |     1 ||     5
Dodge: Dodged            |    25 |     4 ||    29

Table legend:
 A = Spawn XP
 B = Non-spawn XP
 C = Spawn XP percentage of total XP
 D = Spawn monster count
 E = Non-spawn monster count
 F = Spawn count percentage of total count
 G = Total turns spent on level
                    A         B        C        D         E        F      G
               +---------+---------+-------+---------+---------+-------+---------
         Total |       0 |     134 |   0.0 |       0 |      47 |   0.0 |  2256
               +---------+---------+-------+---------+---------+-------+---------
           D:1 |       0 |      82 |   0.0 |       0 |      22 |   0.0 |   895
           D:2 |       0 |      32 |   0.0 |       0 |      15 |   0.0 |   983
           D:3 |       0 |      20 |   0.0 |       0 |      10 |   0.0 |   378
               +---------+---------+-------+---------+---------+-------+---------
